 Dungeon Crawl Stone Soup version 0.23.2-1-ga50397a (webtiles) character file.

Game seed: 2492007587266594811

148 xveg the Sneak (level 5, -2/26 HPs)
             Began as a Spriggan Assassin on May 7, 2019.
             Killed from afar by Natasha (3 damage)
             ... with a magic dart
             ... on level 2 of the Dungeon.
             The game lasted 00:06:44 (2711 turns).

xveg the Sneak (Spriggan Assassin)                  Turns: 2711, Time: 00:06:45

Health: -2/26      AC:  3    Str:  7    XL:     5   Next: 8%
Magic:  6/6        EV: 18    Int: 13    God:
Gold:   90         SH:  0    Dex: 18    Spells: 4/4 levels left

rFire    . . .     SeeInvis +   a - +2 dagger
rCold    . . .     Gourm    .   (shield restricted)
rNeg     . . .     Faith    .   c - +0 robe
rPois    .         Spirit   .   (helmet restricted)
rElec    .         Reflect  .   d - +0 cloak
rCorr    .         Harm     .   (gloves unavailable)
MR       .....                  (boots unavailable)
Stlth    ++++......             (no amulet)
HPRegen  0.08/turn              i - ring of flight
MPRegen  0.10/turn              (no ring)

@: slowed, quick
A: very small, unfitting armour, see invisible, herbivore, speed 3, slow
metabolism 2
a: Evoke Flight


You were on level 2 of the Dungeon.
You were not hungry.

You visited 1 branch of the dungeon, and saw 2 of its levels.

You collected 90 gold pieces.

Inventory:

Hand Weapons
 a - a +2 dagger (weapon)
 b - a +0 blowgun
 k - a +3 dagger of venom
Missiles
 e - 2 poisoned needles
 f - a curare-tipped needle
Armour
 c - a +0 robe (worn)
 d - a +0 cloak (worn)
Jewellery
 i - a ring of flight (left hand)
Wands
 h - a wand of paralysis (6)
Scrolls
 j - 2 scrolls of identify
Potions
 l - a potion of ambrosia
Comestibles
 g - 6 rations


   Skills:
 + Level 2.0 Fighting
 * Level 3.1 Short Blades
 + Level 2.8 Throwing
 * Level 3.1 Dodging
 * Level 7.6 Stealth


You had 4 spell levels left.
You didn't know any spells.
Your spell library was empty.

Dungeon Overview and Level Annotations

Branches:
Dungeon (2/15)

Altars:

Annotations:
D:2 Natasha


Innate Abilities, Weirdness & Mutations

You are very small and have problems with some larger weapons.
You are too small for most types of armour.
You have supernaturally acute eyesight. (SInv)
You are a herbivore.
You cover ground extremely quickly.
You need to consume almost no food.


Message History

You barely miss Natasha.
Natasha is heavily wounded.
Natasha claws you!
You hit Natasha.
Natasha is severely wounded.
Natasha barely misses you. Natasha casts a spell at you.
The magic dart hits you!
* * * LOW HITPOINT WARNING * * *
You hit Natasha.
Natasha is almost dead.
Natasha claws you but does no damage.
You closely miss Natasha.
Natasha is almost dead.
Natasha closely misses you. Natasha completely misses you.
You hit Natasha.
Natasha is almost dead.
Natasha casts a spell at you. The magic dart hits you.
You die...

###### #..... #.#### ######
#.#### #####....## ###########
#....# ......#...## #.........#
#..... ######.....#####.#######.#
#....# ##..............# #.#
#.#.## ##.#######@###.# #)#
#.#..# # #.# #h# #.# #.# #.....
## #.# #.# #.# #.# ####.# .#
##'## #.###.###.# #.# ## ##...##
#.........# #.# # ##.....##
#####.##########.# #####.......##
##.#.# #........
...#.........####....####.###....
...'.........+...................


You could see Natasha.

Vanquished Creatures
  A bullfrog zombie (D:2)
  Jessica (D:2)
  4 adders (D:2)
  2 oozes
  2 worms (D:2)
  3 dart slugs
  3 leopard geckos
  4 bats (D:2)
  2 giant cockroaches (D:2)
  3 goblins (D:1)
  2 hobgoblins (D:1)
  3 kobolds
  2 ball pythons
  A frilled lizard (D:1)
  3 rats (D:2)
36 creatures vanquished.

Notes
Turn   | Place    | Note
-------+----------+-------------------------------------------
     0 | D:1      | xveg the Spriggan Assassin began the quest for the Orb.
     0 | D:1      | Reached XP level 1. HP: 10/10 MP: 2/2
     7 | D:1      | Reached skill level 6 in Stealth
   146 | D:1      | Reached XP level 2. HP: 8/14 MP: 3/3
  1534 | D:2      | Reached skill level 7 in Stealth
  1549 | D:2      | Reached XP level 3. HP: 18/18 MP: 4/4
  1631 | D:2      | Noticed Jessica
  1647 | D:2      | Killed Jessica
  1754 | D:2      | Reached XP level 4. HP: 14/23 MP: 5/5
  2331 | D:2      | Reached XP level 5. HP: 24/26 MP: 6/6
  2693 | D:2      | Noticed Natasha
  2708 | D:2      | HP: 1/26 [Natasha/magic dart (8)]
  2711 | D:2      | Killed from afar by Natasha

Skill      XL: |  1  2  3  4 |
---------------+-------------+-----
Stealth        | 6 7 |  7.6
Dodging        | 2 3 |  3.1
Short Blades   | 3 |  3.1
Fighting       | 2 |  2.0
Throwing       | |  2.8

Action                   |  1- 3 |  4- 6 || total
-------------------------+-------+-------++-------
Melee: Dagger            |    50 |    70 ||   120
 Fire: Blowgun           |    27 |    26 ||    53
  Use: Scroll            |       |     4 ||     4
       Potion            |       |     1 ||     1
 Stab: Sleeping          |     6 |     3 ||     9
Armor: Robe              |     3 |     6 ||     9
Dodge: Dodged            |    39 |    37 ||    76
